 Dungeon Crawl Stone Soup version 0.30-b1-2-g02819fbbbe (webtiles) character file.

Game seed: 11632159180266659683

154 Fartwhistle the Changer (level 5, 0/33 HPs)
             Began as an Octopode Transmuter on June 8, 2023.
             Slain by a sleepcap (21 damage)
             ... on level 4 of the Dungeon.
             The game lasted 00:04:10 (3342 turns).

Fartwhistle the Changer (Octopode Transmuter)       Turns: 3342, Time: 00:04:10

Health: 0/33       AC:  1    Str: 10    XL:     5   Next: 36%
Magic:  8/10       EV:  2    Int: 17    God:
Gold:   132        SH:  0    Dex: 12    Spells: 5/11 levels left

rFire   . .          .
                       - Unarmed
rCold   . . .        (no shield)
rNeg    . . .        (helmet restricted)
rPois   .            (no amulet)
rElec   .            (no ring)
rCorr   .            (no ring)
SInv    .            (no ring)
Will    .....        (no ring)
Stlth   ++           (no ring)
HPRegen 0.25/turn    (no ring)
MPRegen 0.12/turn    (no ring)
                     (no ring)

%: no passive effects
@: sleeping, very slightly contaminated
A: almost no armour, amphibious, 8 rings, camouflage 1, gelatinous body 1,
(nimble swimmer 1), tentacles
a: no special abilities


You were on level 4 of the Dungeon.
You visited 1 branch of the dungeon, and saw 4 of its levels.

You collected 132 gold pieces.

Inventory:

Scrolls
 c - 2 scrolls of enchant armour {unknown}
 d - 2 scrolls of teleportation {unknown}
 f - a scroll of amnesia {unknown}
 h - a scroll of identify {unknown}
 j - a scroll of poison {unknown}
Potions
 a - 3 potions of lignification
 b - 4 potions of curing {unknown}
 e - a potion of invisibility {unknown}
 g - a potion of attraction {unknown}
 i - 2 potions of degeneration {unknown}


   Skills:
 - Level 1.0 Fighting
 - Level 2.0 Dodging
 - Level 3.0 Unarmed Combat
 + Level 3.5 Spellcasting
 + Level 3.8 Transmutations
 - Level 2.0 Poison Magic


You had 5 spell levels left.
You knew the following spells:

 Your Spells              Type           Power      Damage    Failure   Level
a - Beastly Appendage     Tmut           32%        N/A       3%          1
b - Wereblood             Tmut           16%        N/A       5%          2
c - Spider Form           Tmut/Pois      12%        N/A       16%         3

Your spell library contained the following spells:

 Spells                   Type           Power      Damage    Failure   Level
 Ice Form                 Ice/Tmut       9%         N/A       58%         4


Dungeon Overview and Level Annotations

Branches:
Dungeon (4/15)
 Temple: D:4-7

Altars:
Nemelex Xobeh

Annotations:
D:2 1 runed translucent door, Crazy Yiuf
D:3 3 runed translucent doors, Aldia's ghost, weakling AtWr


Innate Abilities, Weirdness & Mutations

You cannot wear most types of armour.
You are amphibious.
You can wear up to eight rings at the same time.
Your skin changes colour to match your surroundings (Stealth+).
Your rubbery body absorbs attacks. (AC +1, EV +1)
((You are camouflaged when in or above water. (Stealth+)))
You have tentacles for arms and can constrict up to eight enemies at once.


Message History

A sleepcap comes into view.
Casting: Spider Form (quite dangerous; 16% risk of failure)
Confirm with . or Enter, or press ? or * to list all spells.
The spell is quite dangerous to miscast (16% risk of failure)!
Continue anyway?
You miscast Spider Form.
You are very lightly contaminated with residual magic.
Nothing appears to happen.
You tentacle-slap the sleepcap. You grab the sleepcap.
The sleepcap is lightly damaged.
You constrict the sleepcap, but do no damage.
The sleepcap barely misses you.
You tentacle-slap the sleepcap.
You squeeze the sleepcap, but do no damage.
The sleepcap is lightly damaged.
You constrict the sleepcap, but do no damage.
The sleepcap releases spores at you!
You tentacle-slap the sleepcap but do no damage.
You squeeze the sleepcap, but do no damage.
The sleepcap is lightly damaged.
You constrict the sleepcap, but do no damage.
The sleepcap releases spores at you.
You tentacle-slap the sleepcap.
The sleepcap is lightly damaged.
You constrict the sleepcap. The sleepcap misses you.
You tentacle-slap the sleepcap. x2
The sleepcap is moderately damaged.
You constrict the sleepcap. The sleepcap completely misses you.
You tentacle-slap the sleepcap but do no damage.
You squeeze the sleepcap, but do no damage.
The sleepcap is moderately damaged.
You constrict the sleepcap. The sleepcap barely misses you.
You tentacle-slap the sleepcap. You squeeze the sleepcap.
The sleepcap is severely damaged.
You constrict the sleepcap. The sleepcap releases spores at you.
You are engulfed in a cloud of soporific spores!
You fall asleep.
You lose your grip on the sleepcap.
The sleepcap releases spores at you!!
Ouch! That really hurt!
You die...

#<.#
###..#
#....##
#.##..#
#)###.#
#.# #.#
#.# #.#
#.###.####
..##..@f.#
####.###.#
... # ###.
#. ##
#.⌠.⌠ .._
.⌠.


You could see a sleepcap.

Vanquished Creatures
  Natasha (thrice) (D:3)
  Robin (D:3)
  A worm (D:2)
  A dart slug (D:3)
  2 orcs (D:3)
  8 ball pythons
  3 bats
  2 endoplasms (D:1)
  2 giant cockroaches
  12 goblins
  8 hobgoblins
  2 quokkas (D:1)
  2 frilled lizards (D:1)
  4 kobolds
  6 rats
57 creatures vanquished.

Notes
Turn   | Place    | Note
-------+----------+-------------------------------------------
     0 | D:1      | Fartwhistle the Octopode Transmuter began the quest for the
                  | Orb.
     0 | D:1      | Reached XP level 1. HP: 13/13 MP: 3/3
    37 | D:1      | Reached XP level 2. HP: 18/18 MP: 5/5
    47 | D:1      | Learned a level 2 spell: Wereblood
   425 | D:1      | Reached XP level 3. HP: 22/23 MP: 6/6
   429 | D:1      | Learned a level 3 spell: Spider Form
  1526 | D:2      | Found a runed translucent door.
  1527 | D:2      | Noticed Crazy Yiuf
  1812 | D:3      | Noticed Natasha
  1822 | D:3      | Killed Natasha
  1823 | D:3      | Reached skill level 1 in Poison Magic
  1823 | D:3      | Reached XP level 4. HP: 7/28 MP: 5/8
  1928 | D:3      | Found a faded altar of an unknown god.
  2054 | D:3      | Noticed Natasha
  2067 | D:3      | Killed Natasha
  2152 | D:3      | Noticed Robin
  2224 | D:3      | Killed Robin
  2462 | D:3      | Noticed Natasha
  2469 | D:3      | Killed Natasha
  2470 | D:3      | Reached XP level 5. HP: 29/33 MP: 5/10
  2533 | D:3      | Found a runed translucent gate.
  2533 | D:3      | Found a runed translucent gate.
  2533 | D:3      | Found a runed translucent gate.
  2542 | D:3      | Noticed Aldia's ghost (weakling AtWr)
  3214 | D:4      | Noticed an ogre
  3215 | D:4      | Found a sparkling altar of Nemelex Xobeh.
  3342 | D:4      | Slain by a sleepcap

Illustrated notes

Levels and vault maps discovered:
D:1:      dpeg_arrival_stonehenge_12_columns, layout_basic,
          hangedman_feature_mirror, chequers_avenue
D:2:      layout_loops_ring, uniq_crazy_yiuf_cottage
D:3:      layout_basic, serial_corexii_hall, corexii_hall_statues_t,
          corexii_hall_statues_l, corexii_hall_statues_i,
          corexii_hall_statues_s, gammafunk_ghost_necromancy,
          shapermc_ecumenical_altar_petra, grunt_ministairs_13, uniq_natasha,
          uniq_robin
D:4:      layout_loops_ring, nemelex_xobeh_ov_fountains_minmay,
          gammafunk_temple_overflow_pools, minmay_temple_entry_water_ring,
          cheibrodos_sewer_entry_bend

Skill      XL: |  1  2  3  4 |
---------------+-------------+-----
Spellcasting   | 3 |  3.5
Transmutations | 3 |  3.8
Poison Magic   | 1 2 |  2.0
Fighting       | |  1.0
Dodging        | |  2.0
Unarmed Combat | |  3.0

Action                     |  1- 3 |  4- 6 || total
---------------------------+-------+-------++-------
  Melee: Unarmed           |    68 |    64 ||   132
         Constrict         |    17 |     8 ||    25
         Tentacles         |    14 |    11 ||    25
         Punch             |     3 |     1 ||     4
         Kick              |     4 |       ||     4
   Cast: Beastly Appendage |     2 |       ||     2
         Spider Form       |     4 |     6 ||    10
         Wereblood         |       |     2 ||     2
   Stab: Sleeping          |     6 |     1 ||     7
         Distracted        |       |     1 ||     1
 Armour: Skin              |     2 |     8 ||    10
  Dodge: Dodged            |    40 |    43 ||    83
